 Dungeon Crawl Stone Soup version 0.30-a0-170-g85af917532 (webtiles) character file.

Game seed: 5359366818703618640

245 qw the Shield-Bearer (level 6, -8/37 HPs)
             Began as a Gargoyle Fighter on Sept 30, 2022.
             Mangled by an orc
             ... wielding a +2 hand axe of distortion
              (10 damage)
             ... on level 4 of the Dungeon.
             The game lasted 00:02:44 (3275 turns).

qw the Shield-Bearer (Gargoyle Fighter)             Turns: 3275, Time: 00:02:44

Health: -8/37      AC: 13    Str: 28    XL:     6   Next: 10%
Magic:  6/6        EV:  8    Int:  8    God:
Gold:   158        SH:  8    Dex:  9    Spells: 5/5 levels left

rFire   . . .      SeeInvis .    Y - +1 war axe (venom)
rCold   . . .      Faith    .    m - +0 kite shield
rNeg    + . .      Spirit   .    b - +0 scale mail
rPois   inf        Reflect  .    (no helmet)
rElec   +          Harm     .    (no cloak)
rCorr   .          Rampage  .    j - +0 pair of gloves
Will    .....                    k - +0 pair of boots
Stlth   ..........               (no amulet)
HPRegen 0.12/turn                e - +6 ring of strength
MPRegen 0.10/turn                (no ring)

@: no status effects
A: sickness immunity, AC +4, negative energy resistance 1, electricity
resistance, torment resistance 1, petrification resistance
a: no special abilities


You were on level 4 of the Dungeon.
You visited 1 branch of the dungeon, and saw 4 of its levels.

You collected 158 gold pieces.


Innate Abilities, Weirdness & Mutations

You are immune to sickness and miasma.
Your stone body is resilient. (AC +4)
You are immune to poison.
You resist negative energy. (rN+)
You are resistant to electric shocks. (rElec)
You are resistant to unholy torment.
You are immune to petrification.


   Skills:
 - Level 3.2 Fighting
 + Level 4.4 Axes
 - Level 3.2 Armour
 - Level 5.2 Shields


You had 5 spell levels left.
You didn't know any spells.
Your spell library was empty.

Inventory:

Hand Weapons
 c - a +0 whip
 Y - a +1 war axe of venom (weapon)
Armour
 b - a +0 scale mail (worn)
 j - a +0 pair of gloves (worn)
 k - a +0 pair of boots (worn)
 m - a +0 kite shield (worn)
Jewellery
 e - a +6 ring of strength (left hand)
Scrolls
 h - 3 scrolls of identify
Potions
 a - a potion of curing {unknown}
 d - 3 potions of might
 f - a potion of cancellation {unknown}
 g - a potion of flight {unknown}
 i - a potion of invisibility {unknown}
 l - a potion of heal wounds {unknown}
 n - a potion of resistance {unknown}

Dungeon Overview and Level Annotations

Branches:
Dungeon (4/15)
 Temple: D:4-7

Altars:
Dithmenos
Sif Muna
Uskayaw

Shops:
D:3 =


Message History

You hit the phantom.
The phantom is lightly damaged.
You hit the orc priest.
The orc priest is poisoned.
The phantom hits you but does no damage.
The orc priest hits you with a +0 dagger.
You barely miss the orc priest.
The orc priest is heavily wounded.
You hit the phantom.
The orc priest hits you but does no damage.
You block the phantom's attack.
The orc priest looks braver for a moment.
You block the phantom's attack.
You closely miss the orc priest.
The orc priest is heavily wounded.
You slash the phantom! The phantom hits you. The orc priest barely misses you.
You closely miss the phantom.
The phantom is severely damaged.
You barely miss the orc priest. You block the orc priest's attack.
The phantom hits you.
The orc priest hits you but does no damage.
The phantom barely misses you.
You hit the phantom.
The phantom is severely damaged.
You barely miss the orc priest. The phantom hits you.
The phantom blinks!
You blink.
You slash the phantom!
The phantom is almost destroyed.
You block the phantom's attack.
The orc priest mumbles some strange prayers to Beogh against you.
Beogh smites you!
You slash the phantom!
You destroy the phantom!
The orc priest mumbles some strange prayers to Beogh against you.
Beogh smites you!
Your Shields skill increases to level 5!
You have reached level 6!
The orc priest miscasts a cantrip.
The orc hits you but does no damage. Space warps horribly around you!
You die...

##...#..........## #....
#................#### ...#
#.##...#####.#...##.##...#
..
#...####.##.........####
._
#.........##............
8. ........####....#### #+
#........##..)##
#......o.).#
###..###@..$.#.
#........o......
#.........####...#
#.#.###..## W... .. ....
... . . ...... .#. .
......## #.....# ......#


You could see an orc priest (poisoned) and an orc.

Vanquished Creatures
  A phantom (D:4)
  A hound (D:4)
  6 adders
  3 worms
  2 dart slugs
  4 orcs
  6 ball pythons
  5 endoplasms
  A giant cockroach (D:2)
  7 goblins
  5 hobgoblins
  6 kobolds
  5 quokkas
  7 bats
  6 frilled lizards
  6 rats
71 creatures vanquished.

Vanquished Creatures (others)
  4 toadstools (D:1)
4 creatures vanquished.

Grand Total: 75 creatures vanquished

Notes
Turn   | Place    | Note
-------+----------+-------------------------------------------
     0 | D:1      | qw the Gargoyle Fighter began the quest for the Orb.
     0 | D:1      | Reached XP level 1. HP: 14/14 MP: 1/1
     0 | D:1      | 0 ||| qw: Version: 0.2-a-12-gaebbb33
     0 | D:1      | 0 ||| qw: Game counter: 1623
     0 | D:1      | 0 ||| qw: Always use a shield: true
     0 | D:1      | 0 ||| qw: God list: Okawaru
     0 | D:1      | 0 ||| qw: Allow faded altars: false
     0 | D:1      | 0 ||| qw: Do Orc after D:15 true
     0 | D:1      | 0 ||| qw: Do second Lair branch before Depths: true
     0 | D:1      | 0 ||| qw: Lair rune preference: random
     0 | D:1      | 0 ||| qw: Plans: Normal, Zot:1-4, God:TSO, Crypt, Tomb,
                  | Pan, Slime:5, Hells, Abyss, Orb
     0 | D:1      | 0 ||| PLANNING D:1-11
    26 | D:1      | 26 ||| Stepping randomly (stuck).
    27 | D:1      | 27 ||| Stepping randomly (stuck).
    28 | D:1      | 28 ||| Stepping randomly (stuck).
    29 | D:1      | 29 ||| Stepping randomly (stuck).
    30 | D:1      | 30 ||| Stepping randomly (stuck).
    31 | D:1      | 31 ||| Stepping randomly (stuck).
    32 | D:1      | 32 ||| Stepping randomly (stuck).
    33 | D:1      | 33 ||| Stepping randomly (stuck).
    34 | D:1      | 34 ||| Stepping randomly (stuck).
    35 | D:1      | 35 ||| Stepping randomly (stuck).
    36 | D:1      | 36 ||| Stepping randomly (stuck).
    37 | D:1      | 37 ||| Stepping randomly (stuck).
    38 | D:1      | 38 ||| Stepping randomly (stuck).
    39 | D:1      | 39 ||| Stepping randomly (stuck).
    40 | D:1      | 40 ||| Stepping randomly (stuck).
    41 | D:1      | 41 ||| Stepping randomly (stuck).
    42 | D:1      | 42 ||| Stepping randomly (stuck).
    43 | D:1      | 43 ||| Stepping randomly (stuck).
    44 | D:1      | 44 ||| Stepping randomly (stuck).
    45 | D:1      | 45 ||| Stepping randomly (stuck).
    46 | D:1      | 46 ||| Stepping randomly (stuck).
    47 | D:1      | 47 ||| Stepping randomly (stuck).
    48 | D:1      | 48 ||| Stepping randomly (stuck).
    49 | D:1      | 49 ||| Stepping randomly (stuck).
    50 | D:1      | 50 ||| Stepping randomly (stuck).
    51 | D:1      | 51 ||| Stepping randomly (stuck).
    52 | D:1      | 52 ||| Stepping randomly (stuck).
    53 | D:1      | 53 ||| Stepping randomly (stuck).
    54 | D:1      | 54 ||| Stepping randomly (stuck).
    55 | D:1      | 55 ||| Stepping randomly (stuck).
    56 | D:1      | 56 ||| Stepping randomly (stuck).
    57 | D:1      | 57 ||| Stepping randomly (stuck).
    58 | D:1      | 58 ||| Stepping randomly (stuck).
    59 | D:1      | 59 ||| Stepping randomly (stuck).
    60 | D:1      | 60 ||| Stepping randomly (stuck).
    61 | D:1      | 61 ||| Stepping randomly (stuck).
    62 | D:1      | 62 ||| Stepping randomly (stuck).
    63 | D:1      | 63 ||| Stepping randomly (stuck).
    64 | D:1      | 64 ||| Stepping randomly (stuck).
    65 | D:1      | 65 ||| Stepping randomly (stuck).
    66 | D:1      | 66 ||| Stepping randomly (stuck).
    67 | D:1      | 67 ||| Stepping randomly (stuck).
    68 | D:1      | 68 ||| Stepping randomly (stuck).
    69 | D:1      | 69 ||| Stepping randomly (stuck).
    70 | D:1      | 70 ||| Stepping randomly (stuck).
    71 | D:1      | 71 ||| Stepping randomly (stuck).
    72 | D:1      | 72 ||| Stepping randomly (stuck).
    73 | D:1      | 73 ||| Stepping randomly (stuck).
    74 | D:1      | 74 ||| Stepping randomly (stuck).
    75 | D:1      | 75 ||| Stepping randomly (stuck).
    76 | D:1      | 76 ||| Stepping randomly (stuck).
    77 | D:1      | 77 ||| Stepping randomly (stuck).
    78 | D:1      | 78 ||| Stepping randomly (stuck).
    79 | D:1      | 79 ||| Stepping randomly (stuck).
    80 | D:1      | 80 ||| Stepping randomly (stuck).
    81 | D:1      | 81 ||| Stepping randomly (stuck).
    82 | D:1      | 82 ||| Stepping randomly (stuck).
    83 | D:1      | 83 ||| Stepping randomly (stuck).
    84 | D:1      | 84 ||| Stepping randomly (stuck).
    85 | D:1      | 85 ||| Stepping randomly (stuck).
    86 | D:1      | 86 ||| Stepping randomly (stuck).
    87 | D:1      | 87 ||| Stepping randomly (stuck).
    88 | D:1      | 88 ||| Stepping randomly (stuck).
    89 | D:1      | 89 ||| Stepping randomly (stuck).
    90 | D:1      | 90 ||| Stepping randomly (stuck).
    91 | D:1      | 91 ||| Stepping randomly (stuck).
    92 | D:1      | 92 ||| Stepping randomly (stuck).
    93 | D:1      | 93 ||| Stepping randomly (stuck).
    94 | D:1      | 94 ||| Stepping randomly (stuck).
    95 | D:1      | 95 ||| Stepping randomly (stuck).
    96 | D:1      | 96 ||| Stepping randomly (stuck).
    97 | D:1      | 97 ||| Stepping randomly (stuck).
    98 | D:1      | 98 ||| Stepping randomly (stuck).
    99 | D:1      | 99 ||| Stepping randomly (stuck).
   100 | D:1      | 100 ||| Stepping randomly (stuck).
   101 | D:1      | 101 ||| Stepping randomly (stuck).
   102 | D:1      | 102 ||| Stepping randomly (stuck).
   103 | D:1      | 103 ||| Stepping randomly (stuck).
   104 | D:1      | 104 ||| Stepping randomly (stuck).
   105 | D:1      | 105 ||| Stepping randomly (stuck).
   106 | D:1      | 106 ||| Stepping randomly (stuck).
   107 | D:1      | 107 ||| Stepping randomly (stuck).
   108 | D:1      | 108 ||| Stepping randomly (stuck).
   109 | D:1      | 109 ||| Stepping randomly (stuck).
   110 | D:1      | 110 ||| Stepping randomly (stuck).
   111 | D:1      | 111 ||| Stepping randomly (stuck).
   112 | D:1      | 112 ||| Stepping randomly (stuck).
   113 | D:1      | 113 ||| Stepping randomly (stuck).
   114 | D:1      | 114 ||| Stepping randomly (stuck).
   115 | D:1      | 115 ||| Stepping randomly (stuck).
   116 | D:1      | 116 ||| Stepping randomly (stuck).
   117 | D:1      | 117 ||| Stepping randomly (stuck).
   118 | D:1      | 118 ||| Stepping randomly (stuck).
   119 | D:1      | 119 ||| Stepping randomly (stuck).
   120 | D:1      | 120 ||| Stepping randomly (stuck).
   121 | D:1      | 121 ||| Stepping randomly (stuck).
   122 | D:1      | 122 ||| Stepping randomly (stuck).
   123 | D:1      | 123 ||| Stepping randomly (stuck).
   124 | D:1      | 124 ||| Stepping randomly (stuck).
   125 | D:1      | 125 ||| Stepping randomly (stuck).
   126 | D:1      | 126 ||| Stepping randomly (stuck).
   127 | D:1      | 127 ||| Stepping randomly (stuck).
   128 | D:1      | 128 ||| Stepping randomly (stuck).
   129 | D:1      | 129 ||| Stepping randomly (stuck).
   130 | D:1      | 130 ||| Stepping randomly (stuck).
   131 | D:1      | 131 ||| Stepping randomly (stuck).
   132 | D:1      | 132 ||| Stepping randomly (stuck).
   133 | D:1      | 133 ||| Stepping randomly (stuck).
   134 | D:1      | 134 ||| Stepping randomly (stuck).
   135 | D:1      | 135 ||| Stepping randomly (stuck).
   136 | D:1      | 136 ||| Stepping randomly (stuck).
   137 | D:1      | 137 ||| Stepping randomly (stuck).
   138 | D:1      | 138 ||| Stepping randomly (stuck).
   139 | D:1      | 139 ||| Stepping randomly (stuck).
   140 | D:1      | 140 ||| Stepping randomly (stuck).
   141 | D:1      | 141 ||| Stepping randomly (stuck).
   142 | D:1      | 142 ||| Stepping randomly (stuck).
   143 | D:1      | 143 ||| Stepping randomly (stuck).
   144 | D:1      | 144 ||| Stepping randomly (stuck).
   145 | D:1      | 145 ||| Stepping randomly (stuck).
   146 | D:1      | 146 ||| Stepping randomly (stuck).
   147 | D:1      | 147 ||| Stepping randomly (stuck).
   148 | D:1      | 148 ||| Stepping randomly (stuck).
   149 | D:1      | 149 ||| Stepping randomly (stuck).
   150 | D:1      | 150 ||| Stepping randomly (stuck).
   151 | D:1      | 151 ||| Stepping randomly (stuck).
   152 | D:1      | 152 ||| Stepping randomly (stuck).
   153 | D:1      | 153 ||| Stepping randomly (stuck).
   154 | D:1      | 154 ||| Stepping randomly (stuck).
   155 | D:1      | 155 ||| Stepping randomly (stuck).
   156 | D:1      | 156 ||| Stepping randomly (stuck).
   157 | D:1      | 157 ||| Stepping randomly (stuck).
   158 | D:1      | 158 ||| Stepping randomly (stuck).
   159 | D:1      | 159 ||| Stepping randomly (stuck).
   160 | D:1      | 160 ||| Stepping randomly (stuck).
   161 | D:1      | 161 ||| Stepping randomly (stuck).
   162 | D:1      | 162 ||| Stepping randomly (stuck).
   163 | D:1      | 163 ||| Stepping randomly (stuck).
   164 | D:1      | 164 ||| Stepping randomly (stuck).
   165 | D:1      | 165 ||| Stepping randomly (stuck).
   166 | D:1      | 166 ||| Stepping randomly (stuck).
   167 | D:1      | 167 ||| Stepping randomly (stuck).
   168 | D:1      | 168 ||| Stepping randomly (stuck).
   169 | D:1      | 169 ||| Stepping randomly (stuck).
   170 | D:1      | 170 ||| Stepping randomly (stuck).
   171 | D:1      | 171 ||| Stepping randomly (stuck).
   172 | D:1      | 172 ||| Stepping randomly (stuck).
   173 | D:1      | 173 ||| Stepping randomly (stuck).
   174 | D:1      | 174 ||| Stepping randomly (stuck).
   175 | D:1      | 175 ||| Stepping randomly (stuck).
   176 | D:1      | 176 ||| Stepping randomly (stuck).
   177 | D:1      | 177 ||| Stepping randomly (stuck).
   178 | D:1      | 178 ||| Stepping randomly (stuck).
   179 | D:1      | 179 ||| Stepping randomly (stuck).
   180 | D:1      | 180 ||| Stepping randomly (stuck).
   181 | D:1      | 181 ||| Stepping randomly (stuck).
   182 | D:1      | 182 ||| Stepping randomly (stuck).
   183 | D:1      | 183 ||| Stepping randomly (stuck).
   184 | D:1      | 184 ||| Stepping randomly (stuck).
   185 | D:1      | 185 ||| Stepping randomly (stuck).
   186 | D:1      | 186 ||| Stepping randomly (stuck).
   187 | D:1      | 187 ||| Stepping randomly (stuck).
   188 | D:1      | 188 ||| Stepping randomly (stuck).
   189 | D:1      | 189 ||| Stepping randomly (stuck).
   190 | D:1      | 190 ||| Stepping randomly (stuck).
   191 | D:1      | 191 ||| Stepping randomly (stuck).
   192 | D:1      | 192 ||| Stepping randomly (stuck).
   193 | D:1      | 193 ||| Stepping randomly (stuck).
   194 | D:1      | 194 ||| Stepping randomly (stuck).
   195 | D:1      | 195 ||| Stepping randomly (stuck).
   196 | D:1      | 196 ||| Stepping randomly (stuck).
   197 | D:1      | 197 ||| Stepping randomly (stuck).
   198 | D:1      | 198 ||| Stepping randomly (stuck).
   199 | D:1      | 199 ||| Stepping randomly (stuck).
   200 | D:1      | 200 ||| Stepping randomly (stuck).
   201 | D:1      | 201 ||| Stepping randomly (stuck).
   202 | D:1      | 202 ||| Stepping randomly (stuck).
   203 | D:1      | 203 ||| Stepping randomly (stuck).
   204 | D:1      | 204 ||| Stepping randomly (stuck).
   205 | D:1      | 205 ||| Stepping randomly (stuck).
   206 | D:1      | 206 ||| Stepping randomly (stuck).
   207 | D:1      | 207 ||| Stepping randomly (stuck).
   208 | D:1      | 208 ||| Stepping randomly (stuck).
   209 | D:1      | 209 ||| Stepping randomly (stuck).
   210 | D:1      | 210 ||| Stepping randomly (stuck).
   211 | D:1      | 211 ||| Stepping randomly (stuck).
   212 | D:1      | 212 ||| Stepping randomly (stuck).
   213 | D:1      | 213 ||| Stepping randomly (stuck).
   214 | D:1      | 214 ||| Stepping randomly (stuck).
   215 | D:1      | 215 ||| Stepping randomly (stuck).
   216 | D:1      | 216 ||| Stepping randomly (stuck).
   217 | D:1      | 217 ||| Stepping randomly (stuck).
   218 | D:1      | 218 ||| Stepping randomly (stuck).
   219 | D:1      | 219 ||| Stepping randomly (stuck).
   220 | D:1      | 220 ||| Stepping randomly (stuck).
   221 | D:1      | 221 ||| Stepping randomly (stuck).
   222 | D:1      | 222 ||| Stepping randomly (stuck).
   223 | D:1      | 223 ||| Stepping randomly (stuck).
   224 | D:1      | 224 ||| Stepping randomly (stuck).
   225 | D:1      | 225 ||| Stepping randomly (stuck).
   307 | D:1      | Reached XP level 2. HP: 14/19 MP: 2/2
   539 | D:1      | 539 ||| READING scroll labelled TUOL ZUTTAN.
   540 | D:1      | 540 ||| READING scroll labelled KEIPSU KOMUGG.
   601 | D:2      | Reached skill level 3 in Axes
   601 | D:2      | Reached XP level 3. HP: 23/23 MP: 3/3
   836 | D:2      | 836 ||| Stepping ~*~*~tactically~*~*~ (stealth).
   876 | D:2      | 876 ||| FLEEEEING.
   877 | D:2      | 877 ||| FLEEEEING.
   986 | D:2      | 986 ||| Stepping ~*~*~tactically~*~*~ (stealth).
  1399 | D:2      | 1399 ||| UPGRADING to +0 pair of gloves.
  1404 | D:2      | 1404 ||| READING scroll labelled IFICAI NUBRIE.
  1405 | D:2      | 1405 ||| READING 3 scrolls labelled IDYMECK MYOVEA.
  1406 | D:2      | 1406 ||| READING scroll labelled XOAXOE GISCHIPH.
  1406 | D:2      | Identified a scroll of acquirement
  1406 | D:2      | 1406 ||| ACQUIRING +0 war axe of venom
  1406 | D:2      | Acquired a +0 war axe of venom
  1408 | D:2      | 1408 ||| SWAPPING to +0 war axe of venom.
  1409 | D:2      | 1409 ||| READING scroll labelled DAED WOGURGH.
  1414 | D:2      | 1414 ||| READING 2 scrolls of identify.
  1414 | D:2      | 1414 ||| IDENTIFYING purple potion
  1415 | D:2      | 1415 ||| DROPPING potion of brilliance.
  1452 | D:2      | 1452 ||| STAIRDANCE
  1464 | D:2      | 1464 ||| STAIRDANCE
  1468 | D:2      | 1468 ||| STAIRDANCE
  1472 | D:2      | 1472 ||| STAIRDANCE
  1476 | D:2      | 1476 ||| STAIRDANCE
  1480 | D:2      | 1480 ||| STAIRDANCE
  1484 | D:2      | 1484 ||| STAIRDANCE
  1488 | D:2      | 1488 ||| STAIRDANCE
  1492 | D:2      | 1492 ||| STAIRDANCE
  1496 | D:2      | 1496 ||| STAIRDANCE
  1500 | D:2      | 1500 ||| STAIRDANCE
  1504 | D:2      | 1504 ||| STAIRDANCE
  1508 | D:2      | 1508 ||| STAIRDANCE
  1512 | D:2      | 1512 ||| STAIRDANCE
  1516 | D:2      | 1516 ||| STAIRDANCE
  1520 | D:2      | 1520 ||| STAIRDANCE
  1524 | D:2      | 1524 ||| STAIRDANCE
  1528 | D:2      | 1528 ||| STAIRDANCE
  1532 | D:2      | 1532 ||| STAIRDANCE
  1536 | D:2      | 1536 ||| STAIRDANCE
  1915 | D:1      | Reached XP level 4. HP: 28/28 MP: 4/4
  1917 | D:1      | 1917 ||| Stepping ~*~*~tactically~*~*~ (stealth).
  1918 | D:1      | 1918 ||| Stepping ~*~*~tactically~*~*~ (stealth).
  1940 | D:1      | Found a faded altar of an unknown god.
  2133 | D:1      | 2133 ||| UPGRADING to +6 ring of strength.
  2134 | D:1      | 2134 ||| READING scroll labelled MUDITU QIMERI.
  2320 | D:3      | 2320 ||| Stepping ~*~*~tactically~*~*~ (stealth).
  2341 | D:3      | Found a shadowy altar of Dithmenos.
  2623 | D:3      | 2623 ||| READING scroll of enchant weapon.
  2623 | D:3      | 2623 ||| ENCHANTING +0 war axe of venom.
  2624 | D:3      | 2624 ||| DROPPING +1 war axe.
  2684 | D:3      | Found Iretotoa's Jewellery Shoppe.
  2690 | D:3      | 2690 ||| SHOPLISTING +4 ring of slaying (858 gold, have
                  | 116).
  2690 | D:3      | 2690 ||| SHOPLISTING +6 ring of strength (396 gold, have
                  | 116).
  2690 | D:3      | 2690 ||| SHOPLISTING ring "Pitib" {rC- rN+ Str+3 Int+4}
                  | (381 gold, have 116).
  2690 | D:3      | 2690 ||| SHOPLISTING ring "Qietod" {Wiz rPois Dex+2 SInv}
                  | (545 gold, have 116).
  2690 | D:3      | 2690 ||| SHOPLISTING ring of ice (275 gold, have 116).
  2690 | D:3      | 2690 ||| SHOPLISTING ring of protection from fire (275
                  | gold, have 116).
  2690 | D:3      | 2690 ||| SHOPLISTING ring of resist corrosion (220 gold,
                  | have 116).
  2710 | D:3      | Found a hide-covered altar of Uskayaw.
  2922 | D:3      | 2922 ||| UPGRADING to +0 pair of boots.
  2927 | D:3      | 2927 ||| UPGRADING to +0 kite shield.
  2937 | D:3      | 2937 ||| DROPPING +0 buckler.
  2998 | D:4      | Reached XP level 5. HP: 32/32 MP: 5/5
  3065 | D:4      | 3065 ||| Stepping ~*~*~tactically~*~*~ (stealth).
  3080 | D:4      | Reached skill level 4 in Shields
  3211 | D:4      | 3211 ||| DROPPING +0 club.
  3216 | D:4      | Found a shimmering blue altar of Sif Muna.
  3255 | D:4      | 3255 ||| Stepping ~*~*~tactically~*~*~ (stealth).
  3256 | D:4      | 3256 ||| Stepping ~*~*~tactically~*~*~ (stealth).
  3257 | D:4      | Noticed a phantom
  3258 | D:4      | 3258 ||| Stepping ~*~*~tactically~*~*~ (hiding).
  3260 | D:4      | 3260 ||| Stepping ~*~*~tactically~*~*~ (hiding).
  3261 | D:4      | 3261 ||| Stepping ~*~*~tactically~*~*~ (hiding).
  3274 | D:4      | Killed a phantom
  3274 | D:4      | HP: 2/32 [orc priest/divine providence (12)]
  3275 | D:4      | Reached skill level 5 in Shields
  3275 | D:4      | Reached XP level 6. HP: 2/37 MP: 6/6
  3275 | D:4      | Mangled by an orc

Levels and vault maps discovered:
D:1:      ldierk_water_garden, layout_loops_ring, ebering_ecumenical_altar_rust
D:2:      layout_loops_cross
D:3:      layout_loops_ring, grunt_dithmenos_smoke_and_mirrors,
          nicolae_uskayaw_suspiria, serial_shops, nicolae_shop_waterfront,
          hangedman_decor_push, serial_park_tiny_1
D:4:      cheibrodos_greedy_goblins, layout_cave_pools, led_sif_book

Skill      XL: |  1  2  3  4  5 |
---------------+----------------+-----
Axes           | 2 3 4 |  4.4
Shields        | 5 |  5.2
Fighting       | |  3.2
Armour         | |  3.2

Action                   |  1- 3 |  4- 6 || total
-------------------------+-------+-------++-------
Melee: War axe           |   111 |    88 ||   199
  Use: Scroll            |     7 |     2 ||     9
Armor: Scale mail        |    54 |    40 ||    94
Dodge: Dodged            |    48 |    23 ||    71
Block: Buckler           |    16 |     9 ||    25
       Kite shield       |       |    21 ||    21

Table legend:
 A = Non-vault XP
 B = Vault XP
 C = Vault XP percentage of total XP
 D = Non-vault monster count
 E = Vault monster count
 F = Vault count percentage of total count
                 A         B        C        D         E       F
            +---------+---------+-------+---------+---------+-------
      Total |     350 |       0 |   0.0 |      71 |       0 |   0.0
            +---------+---------+-------+---------+---------+-------
        D:1 |      42 |       0 |   0.0 |      25 |       0 |   0.0
        D:2 |      45 |       0 |   0.0 |      16 |       0 |   0.0
        D:3 |      71 |       0 |   0.0 |      15 |       0 |   0.0
        D:4 |     192 |       0 |   0.0 |      15 |       0 |   0.0
            +---------+---------+-------+---------+---------+-------
